 Dungeon Crawl Stone Soup version 0.27-a0-1196-g3e9cee4cb2 (webtiles) character file.

Game seed: 15155382033304250436

5356 Azzok the Cleaver (level 10, -5/70 HPs)
             Began as a Demonspawn Berserker on May 29, 2021.
             Was an Elder of Trog.
             Shot with an arrow by a centaur (13 damage)
             ... on level 9 of the Dungeon.
             The game lasted 00:15:18 (9410 turns).

Azzok the Cleaver (Demonspawn Berserker)            Turns: 9410, Time: 00:15:18

Health: -5/70      AC: 21    Str: 21    XL:     10   Next: 39%
Magic:  10/10      EV:  6    Int: 13    God:    Trog [****..]
Gold:   54         SH:  4    Dex: 12    Spells: 9/9 levels left

rFire    . . .     SeeInvis .   r - +2 broad axe (vorpal)
rCold    . . .     Faith    +   (no shield)
rNeg     . . .     Spirit   .   t - +0 plate armour
rPois    +         Reflect  .   (no helmet)
rElec    .         Harm     .   x - +0 cloak
rCorr    +         Rampage  .   (no gloves)
Will     .....                  (boots unavailable)
Stlth    ..........             a - amulet of faith
HPRegen  0.21/turn              d - +4 ring of protection
MPRegen  0.12/turn              o - ring "Munycoaqu" {Fly rPois rCorr Int+4}

@: lethally poisoned (-5 -> -9), flying
A: talons 3, molten scales 1, icemail 1, condensation shield
a: Renounce Religion, Berserk, Trog's Hand, Brothers in Arms


You were on level 9 of the Dungeon.
You worshipped Trog.
Trog was greatly pleased with you.
You visited 1 branch of the dungeon, and saw 9 of its levels.

You collected 455 gold pieces.
You spent 401 gold pieces at shops.

Inventory:

Hand Weapons
 i - a +1 whip of electrocution
 r - a +2 vorpal broad axe (weapon)
Armour
 m - the +5 buckler "Celoh" {Drain rPois Dex+5}
   (You bought it in a shop on level 8 of the Dungeon)

   It affects your dexterity (+5).
   It protects you from poison.
   It drains your maximum health when unequipped.
 p - the +5 scale mail "Forget-Me-Not" {rElec Str+4 Int-2}
   (You found it on level 5 of the Dungeon)

   It affects your strength (+4).
   It affects your intelligence (-2).
   It insulates you from electricity.
 t - a +0 plate armour (worn)
 x - a +0 cloak (worn)
Jewellery
 a - an amulet of faith (around neck)
 d - a +4 ring of protection (left hand)
 n - a ring of fire
 o - the ring "Munycoaqu" (right hand) {Fly rPois rCorr Int+4}
   (You acquired it on level 7 of the Dungeon)

   [ring of flight]

   It affects your intelligence (+4).
   It protects you from poison.
   It grants you flight.
   It protects you from acid and corrosion.
 v - a ring of see invisible
Wands
 b - a wand of mindburst (22)
 s - a wand of polymorph (6)
 y - a wand of flame (15)
 B - a wand of iceblast (11)
Scrolls
 c - 5 scrolls of teleportation
 l - a scroll of enchant armour {unknown}
 A - 3 scrolls of enchant weapon
Potions
 f - 2 potions of attraction
 h - 3 potions of lignification
 j - 2 potions of might
 k - 2 potions of mutation {!q}
 q - 3 potions of heal wounds
 z - 2 potions of invisibility


   Skills:
 - Level 3.0 Fighting
 + Level 13.5 Axes
 - Level 1.7 Armour
 - Level 1.7 Dodging
 + Level 3.1 Shields


You had 9 spell levels left.
You didn't know any spells.
Your spell library was empty.

Dungeon Overview and Level Annotations

Branches:
Dungeon (9/15)             Temple (0/1) D:4
   Lair: D:8-11         Orc: D:9-12

Altars:
Gozag
Qazlal
Uskayaw
Vehumet

Shops:
D:3 *   D:8 (([


Innate Abilities, Weirdness & Mutations

You have claws for feet.
You are partially covered in molten scales. (AC +2)
A meltable icy envelope protects you from harm. (AC +4)
A meltable shield of frost defends you. (SH +4)


Message History

* * * LOW HITPOINT WARNING * * *
The gnoll sergeant hits you but does no damage.
The gnoll shaman calls upon its god to speed up the gnoll sergeant.
The gnoll sergeant seems to speed up.
The gnoll sergeant hits you but does no damage.
The kobold brigand hits you but does no damage.
You feel yourself speed up.
The gnoll sergeant hits you from afar with a +0 spear.
* * * LOW HITPOINT WARNING * * *
The kobold brigand throws a poisoned dart.
The poisoned dart hits you!
You are poisoned.
The gnoll sergeant hits you but does no damage.
There is an open door here.
You feel sick.
The kobold brigand throws a poisoned dart.
The poisoned dart barely misses you.
You feel better.
The kobold brigand throws a poisoned dart.
The poisoned dart hits you!
You are poisoned.
You feel sick.
You feel sick.
The gnoll sergeant hits you from afar with a +0 spear.
* * * LOW HITPOINT WARNING * * *
The kobold brigand throws a poisoned dart.
The poisoned dart hits you!
Okay, then.
You feel better.
The gnoll sergeant hits you but does no damage.
The kobold brigand throws a poisoned dart.
The poisoned dart hits you!
You are poisoned.
You feel sick.
The centaur shoots an arrow.
The arrow hits you.
* * * LOW HITPOINT WARNING * * *
The gnoll sergeant hits you from afar with a +0 spear.
* * * LOW HITPOINT WARNING * * *
You recover from your berserk rage.
You feel sick.
The centaur shoots an arrow.
The arrow hits you!
You die...

▒▒g▒ ▒▒▒▒o▒▒▒
▒······▒
▒····c·▒
▒··Kg··▒▒▒▒▒▒
▒···g··'····╬
▒······▒▒▒▒▒▒
▒······▒
▒···@··▒
▒······▒
▒▒▒▒'▒▒▒
▒·>▒▒ ▒▒··▒
▒▒<▒ ▒╬▒


You could see an orc warrior, a kobold brigand, 2 gnoll sergeants and a centaur.

Vanquished Creatures
  A two-headed ogre (D:9)
  A troll (D:9)
  Prince Ribbit (D:6)
  Sigmund (D:6)
  7 yaks
  Edmund (D:3)
  Duvessa (D:5)
  2 water moccasins (D:8)
  3 black bears
  A sky beast (D:6)
  2 necrophages
  A kobold brigand (D:9)
  Blork the orc (D:3)
  2 bullfrogs (D:8)
  Dowan (D:5)
  3 scorpions
  12 killer bees
  10 wights
  A howler monkey (D:7)
  A centaur zombie (D:8)
  4 hounds
  A bullfrog skeleton (D:7)
  2 jellies (D:5)
  Crazy Yiuf (D:6)
  A bullfrog zombie (D:6)
  A gnoll shaman (D:9)
  A centaur skeleton (D:4)
  Terence (D:2)
  7 orc wizards
  A hound skeleton (D:3)
  2 howler monkey zombies
  4 adders
  A shadow imp (D:8)
  A dart slug (D:5)
  17 orcs
  8 endoplasms
  2 giant cockroaches
  9 goblins
  7 hobgoblins
  2 jackals (D:2)
  7 quokkas
  2 ball pythons (D:2)
  5 bats
  A frilled lizard (D:2)
  3 kobolds
  8 rats
152 creatures vanquished.

Vanquished Creatures (others)
  4 plants
4 creatures vanquished.

Grand Total: 156 creatures vanquished

Notes
Turn   | Place    | Note
-------+----------+-------------------------------------------
     0 | D:1      | Azzok the Demonspawn Berserker began the quest for the Orb.
     0 | D:1      | Reached XP level 1. HP: 18/18 MP: 1/1
    88 | D:1      | Reached skill level 3 in Axes
   384 | D:1      | Gained mutation: You have sharp toenails. [demonic
                  | ancestry]
   384 | D:1      | Reached XP level 2. HP: 12/24 MP: 2/2
  1515 | D:2      | Noticed Terence
  1527 | D:2      | Killed Terence
  1527 | D:2      | Reached ** piety under Trog
  1528 | D:2      | Reached skill level 4 in Axes
  1528 | D:2      | Reached XP level 3. HP: 15/29 MP: 3/3
  2161 | D:3      | Reached XP level 4. HP: 24/35 MP: 4/4
  2391 | D:3      | Found Gozag's Platinum Reserve.
  2556 | D:3      | Found an opulent altar of Gozag.
  2674 | D:3      | Reached skill level 5 in Axes
  3100 | D:4      | Noticed Blork the orc
  3101 | D:4      | Noticed Edmund
  3104 | D:4      | Noticed a scorpion
  3114 | D:3      | Killed Edmund
  3115 | D:3      | Reached skill level 6 in Axes
  3115 | D:3      | Gained mutation: A meltable shield of frost defends you.
                  | (SH +4) [demonic ancestry]
  3115 | D:3      | Reached XP level 5. HP: 37/41 MP: 2/5
  3232 | D:3      | Gained mutation: A meltable icy envelope protects you from
                  | harm. (AC +4) [demonic ancestry]
  3232 | D:3      | Reached XP level 6. HP: 38/47 MP: 4/6
  3419 | D:3      | Killed Blork the orc
  3674 | D:4      | Found a radiant altar of Vehumet.
  3854 | D:4      | Reached skill level 7 in Axes
  3858 | D:4      | Gained mutation: You have razor-sharp toenails. [demonic
                  | ancestry]
  3858 | D:4      | Reached XP level 7. HP: 39/52 MP: 4/7
  4078 | D:4      | Found a staircase to the Ecumenical Temple.
  4153 | D:4      | Reached skill level 8 in Axes
  4915 | D:5      | Entered Level 5 of the Dungeon
  5082 | D:5      | Noticed Dowan
  5082 | D:5      | Noticed Duvessa
  5132 | D:5      | Killed Duvessa
  5133 | D:5      | Reached skill level 9 in Axes
  5133 | D:5      | Reached XP level 8. HP: 43/58 MP: 8/8
  5283 | D:5      | Killed Dowan
  5676 | D:5      | Reached *** piety under Trog
  5775 | D:5      | Identified the +5 scale mail "Forget-Me-Not" {rElec Str+4
                  | Int-2}
  6121 | D:6      | Noticed Sigmund
  6385 | D:6      | Killed Sigmund
  6534 | D:6      | Reached skill level 10 in Axes
  6550 | D:6      | Identified the +7 scimitar of the Five Dances {elec, *Rage
                  | Str+3 Int+4}
  7253 | D:6      | Reached skill level 11 in Axes
  7278 | D:6      | Noticed Prince Ribbit
  7288 | D:6      | Killed Prince Ribbit
  7289 | D:6      | Gained mutation: You are partially covered in molten
                  | scales. (AC +2) [demonic ancestry]
  7289 | D:6      | Reached XP level 9. HP: 62/63 MP: 9/9
  7561 | D:6      | Found a runed translucent door.
  7562 | D:6      | Noticed Crazy Yiuf
  7571 | D:6      | Killed Crazy Yiuf
  7780 | D:7      | Found a hide-covered altar of Uskayaw.
  7820 | D:7      | Reached **** piety under Trog
  8479 | D:7      | Reached skill level 12 in Axes
  8669 | D:7      | Identified a scroll of acquirement
  8669 | D:7      | Acquired the ring "Munycoaqu" {Fly rPois rCorr Int+4}
  8738 | D:8      | Reached skill level 13 in Axes
  8823 | D:8      | Found Muoch's Antique Weapon Shop.
  8833 | D:8      | Gained mutation: You have claws for feet. [demonic
                  | ancestry]
  8833 | D:8      | Reached XP level 10. HP: 64/70 MP: 10/10
  8946 | D:8      | Bought a runed broad axe for 154 gold pieces
  9067 | D:8      | Found Ijugast's Antique Armour Emporium.
  9072 | D:8      | Bought a warped buckler for 247 gold pieces
  9072 | D:8      | Identified the +5 buckler "Celoh" {Drain rPois Dex+5} (You
                  | bought it in a shop on level 8 of the Dungeon)
  9164 | D:8      | Found a stormy altar of Qazlal.
  9282 | D:8      | Found Zyuxkor's Weapon Shoppe.
  9353 | D:9      | Noticed a two-headed ogre
  9360 | D:9      | Reached skill level 1 in Shields
  9379 | D:9      | Killed a two-headed ogre
  9410 | D:9      | Shot with an arrow by a centaur

Illustrated notes

Levels and vault maps discovered:
D:1:      ncdulo_smallfort, layout_basic
D:2:      layout_rooms, minmay_misc_feat_plants, uniq_terence
D:3:      layout_loops_ring, nicolae_gozag_zags_fifth_avenue, minmay_cut_off
D:4:      layout_rooms, nicolae_overflow_crystal_walls,
          minmay_temple_entry_slanted, uniq_edmund, uniq_blork_the_orc
D:5:      layout_basic, gup_sewer_entry_bubbles, chequers_serial_rivers_large_a,
          serial_bayou_pond_c, uniq_duvessa
D:6:      layout_loops_corners, minmay_checkerbox, uniq_crazy_yiuf_cottage,
          uniq_prince_ribbit1, uniq_sigmund
D:7:      layout_basic, grunt_decor_fettered, nrook_uturn,
          kennysheep_flooded_box
D:8:      layout_rooms, grunt_qazlal_sundering, serial_shops,
          kennysheep_mini_moat, nicolae_shop_overgrown_old_shop, shop
D:9:      layout_roguey, nemelex_spade_bored_becter, minmay_joined_circles

Skill      XL: |  1  2  3  4  5  6  7  8  9 10 |
---------------+-------------------------------+-----
Axes           | 3 4 6 7 9 11 13 | 13.5
Shields        | 3 |  3.1
Fighting       | |  3.0
Armour         | |  1.7
Dodging        | |  1.7

Action                   |  1- 3 |  4- 6 |  7- 9 | 10-12 || total
-------------------------+-------+-------+-------+-------++-------
Melee: Hand axe          |    12 |       |       |       ||    12
       Dagger            |   108 |    89 |     4 |       ||   201
       Kick              |    28 |    32 |    39 |    24 ||   123
       Whip              |       |     9 |   381 |    22 ||   412
       Unarmed           |       |       |     7 |       ||     7
       Broad axe         |       |       |       |    49 ||    49
Invok: Berserk           |     1 |     4 |     7 |     1 ||    13
       Trog's Hand       |       |       |     1 |       ||     1
  Use: Scroll            |     3 |     1 |    12 |     1 ||    17
       Potion            |       |       |       |     3 ||     3
Armor: Scale mail        |     1 |       |   116 |    13 ||   130
       Animal skin       |     1 |       |       |       ||     1
       Chain mail        |    69 |    51 |    70 |       ||   190
       Skin              |       |       |     3 |       ||     3
       Plate armour      |       |       |       |    30 ||    30
Dodge: Dodged            |    51 |    39 |   140 |    26 ||   256
Block: Other             |       |    12 |    52 |    10 ||    74

Table legend: (Time is in decaauts)
 A = Elapsed time spent in this place.
 B = Non-inter-level travel time spent in this place.
 C = Inter-level travel time spent in this place.
 D = Time resting spent in this place.
 E = Time spent auto-exploring this place.
 F = Levels seen in this place.
 G = Mean time per level.
                   A        B        C        D        E       F      G
               +--------+--------+--------+--------+--------+-----+--------+
         Total |   9465 |   9213 |    252 |   1717 |   5720 |   9 | 1051.7 |
       Dungeon |   9465 |   9213 |    252 |   1717 |   5720 |   9 | 1051.7 |
               +--------+--------+--------+--------+--------+-----+--------+

Top non-repeatable levels by time:
     D:3: 1947 daAuts
     D:5: 1440 daAuts
     D:6: 1363 daAuts
     D:1: 1275 daAuts
     D:4: 1181 daAuts
     D:7: 1003 daAuts
     D:2: 579 daAuts
     D:8: 574 daAuts
     D:9: 99 daAuts
